 Dungeon Crawl Stone Soup version 0.23.2-1-ga50397a6bc (webtiles) character file.

Game seed: 2105677241459292414

2693 Marnok the Poker (level 9, -1/68 HPs)
             Began as a Demonspawn Abyssal Knight on Apr 21, 2019.
             Was an Elder of Lugonu.
             Slain by an orc warrior
             ... wielding a +0 trident
              (8 damage)
             ... on level 7 of the Dungeon.
             The game lasted 00:20:37 (7020 turns).

Marnok the Poker (Demonspawn Abyssal Knight)        Turns: 7020, Time: 00:20:37

Health: -1/68      AC: 20    Str: 21    XL:     9   Next: 38%
Magic:  11/11      EV:  3    Int: 15    God:    Lugonu [****..]
Gold:   48         SH: 15    Dex: 14    Spells: 8/8 levels left

rFire    + . .     SeeInvis .   a - +3 spear
rCold    . . .     Gourm    .   p - +0 large shield
rNeg     . . .     Faith    .   g - +2 plate armour
rPois    .         Spirit   .   (helmet restricted)
rElec    .         Reflect  .   (no cloak)
rCorr    .         Harm     .   (no gloves)
MR       .....                  (no boots)
Stlth    ..........             (no amulet)
HPRegen  0.21/turn              y - ring of protection from fire
MPRegen  0.12/turn              j - +3 ring of strength

@: mighty, about to teleport, sanguine armour
A: horns 2, powered by death 1, powered by pain 1, sanguine armour 1
a: Depart the Abyss, Bend Space, Banish, Corrupt, Renounce Religion


You were on level 7 of the Dungeon.
You worshipped Lugonu.
Lugonu was greatly pleased with you.
You were not hungry.

You visited 1 branch of the dungeon, and saw 7 of its levels.
You visited the Abyss 1 time.

You collected 371 gold pieces.
You spent 323 gold pieces at shops.

Inventory:

Hand Weapons
 a - a +3 spear (weapon)
 k - a +2 dagger of chaos
 n - a +1 hunting sling of flaming
 r - a +5 dire flail
Missiles
 t - 193 stones (quivered)
Armour
 g - a +2 plate armour (worn)
 l - a +0 robe of cold resistance
 p - a +0 large shield (worn)
 w - a +1 chain mail of cold resistance
Jewellery
 d - an uncursed ring of flight
 j - a +3 ring of strength (right hand)
 m - an uncursed ring of protection from cold
 y - a ring of protection from fire (left hand)
Wands
 i - a wand of iceblast (9)
 s - a wand of flame (22)
Scrolls
 b - a scroll of remove curse
 e - 3 scrolls of magic mapping
 f - a scroll of amnesia
 h - 7 scrolls of identify
 o - 2 scrolls of random uselessness
 x - a scroll of fear
Potions
 q - a potion of might
Comestibles
 c - 15 rations
 u - 4 chunks of flesh


   Skills:
 + Level 5.6 Fighting
 + Level 7.4 Polearms
 + Level 1.9 Slings
 + Level 5.6 Armour
 + Level 1.4 Dodging
 + Level 0.2 Stealth
 + Level 5.3 Shields
 + Level 3.1 Invocations
 + Level 0.1 Evocations


You had 8 spell levels left.
You didn't know any spells.
Your spell library contained the following spells:

 Spells                   Type           Power        Failure   Level  Hunger
 Corona                   Hex            #......      100%        1    ##.....
 Magic Dart               Conj           #...         100%        1    ##.....
 Blink                    Tloc           N/A          100%        2    ###....
 Call Imp                 Summ           #.......     100%        2    ###....
 Ensorcelled Hibernation  Hex/Ice        #.....       100%        2    ###....
 Slow                     Hex            #.......     100%        2    ###....
 Confuse                  Hex            #.......     100%        3    ####...
 Conjure Flame            Conj/Fire      #.......     100%        3    ####...
 Dazzling Spray           Conj/Hex       #.....       100%        3    ####...
 Mephitic Cloud           Conj/Pois/Air  #.......     100%        3    ####...
 Tukima's Dance           Hex            #.......     100%        3    ####...


Dungeon Overview and Level Annotations

Branches:
Dungeon (7/15)             Temple (0/1) D:6

Altars:
Gozag
Xom

Shops:
D:4 (   D:7 *


Innate Abilities, Weirdness & Mutations

You have a pair of horns on your head.
You regenerate a little health from kills.
You sometimes gain a little power by taking damage.
When seriously injured, your bleeding wounds create armour. (AC +6)


Message History

The orc priest is heavily wounded.
You block the orc priest's attack. You block the orc warrior's attack.
Your plate armour prevents you from hitting the orc priest.
The orc priest is heavily wounded.
The orc priest hits you but does no damage.
You puncture the orc priest!
The orc priest is almost dead.
You block the orc warrior's attack. You block the orc priest's attack.
You puncture the orc priest!
You kill the orc priest!
Lugonu accepts your kill.
The orc warrior hits you but does no damage.
The orc warrior hits you with a +0 trident!
* * * LOW HITPOINT WARNING * * *
Things that are here:
a +0 short sword; a +0 leather armour; an orc corpse
As you read the scroll of teleportation, it crumbles to dust.
You feel strangely unstable.
The orc warrior hits you with a +0 trident!
You die...

#... #..# #..#
#..# .# #..# .#
#..##.# #...#.#
#.#.#.############
#@#.#............#
#o#..............#
#o##.............#
#o##.............#
.Y##.>...........#
..###.#...........
..# #.#.##########
...# #.#.# #.#.#


You could see an orc warrior, an ice beast and 2 orcs.

Vanquished Creatures
  A slime creature (D:5)
  A hippogriff (D:7)
  Edmund (D:6)
  Duvessa (D:6)
  An orc warrior (D:4)
  3 ogres (D:5)
  4 centaurs
  3 big kobolds (D:5)
  4 bullfrogs
  Dowan (D:6)
  4 crimson imps (D:3)
  5 jellies
  A hound (D:6)
  5 orc priests
  8 orc wizards
  2 worker ants (D:4)
  A hound zombie (D:6)
  6 adders
  4 oozes (D:5)
  An adder skeleton (D:5)
  3 worms
  A dart slug (D:1)
  A leopard gecko (D:1)
  16 orcs
  2 ball pythons
  4 bats
  4 giant cockroaches
  13 goblins
  11 hobgoblins
  4 jackals
  6 kobolds
  2 quokkas
  7 frilled lizards
  A quokka skeleton (D:5)
  A quokka zombie (D:6)
  4 rats
137 creatures vanquished.

Vanquished Creatures (others)
  An orc wizard (D:6)
  2 fungi (D:5)
  12 toadstools (D:5)
15 creatures vanquished.

Grand Total: 152 creatures vanquished

Notes
Turn   | Place    | Note
-------+----------+-------------------------------------------
     0 | Abyss:1  | Marnok the Demonspawn Abyssal Knight began the quest for
                  | the Orb.
     0 | Abyss:1  | Reached XP level 1. HP: 18/18 MP: 2/2
    43 | Abyss:1  | Noticed an ancient zyme
    65 | Abyss:1  | Noticed a large abomination
    68 | D:1      | Escaped the Abyss
   740 | D:1      | Reached * piety under Lugonu
   750 | D:1      | Gained mutation: You have a pair of small horns on your
                  | head. [demonic ancestry]
   750 | D:1      | Reached XP level 2. HP: 20/24 MP: 3/3
  1357 | D:2      | Reached skill level 2 in Polearms
  1433 | D:2      | Gained mutation: You regenerate a little health from kills.
                  | [demonic ancestry]
  1433 | D:2      | Reached XP level 3. HP: 29/29 MP: 4/4
  1992 | D:2      | Reached ** piety under Lugonu
  2361 | D:3      | Reached XP level 4. HP: 29/37 MP: 6/6
  2638 | D:3      | Reached skill level 1 in Slings
  2823 | D:3      | Found a shimmering altar of Xom.
  2848 | D:3      | Reached XP level 5. HP: 39/42 MP: 7/7
  2860 | D:3      | Reached skill level 3 in Polearms
  2860 | D:3      | Reached skill level 1 in Dodging
  3733 | D:4      | Gained mutation: You have a pair of horns on your head.
                  | [demonic ancestry]
  3733 | D:4      | Reached XP level 6. HP: 44/49 MP: 8/8
  3827 | D:4      | Noticed an orc warrior
  3846 | D:4      | Killed an orc warrior
  4021 | D:4      | Reached skill level 1 in Shields
  4118 | D:4      | Found Vabofadu's Weapon Boutique.
  4430 | D:5      | Entered Level 5 of the Dungeon
  4657 | D:5      | Gained mutation: When seriously injured, your bleeding
                  | wounds create armour. (AC +6) [demonic ancestry]
  4657 | D:5      | Reached XP level 7. HP: 43/55 MP: 9/9
  4718 | D:5      | Reached *** piety under Lugonu
  4780 | D:5      | Reached skill level 4 in Polearms
  5156 | D:5      | Reached skill level 5 in Polearms
  5156 | D:5      | Reached XP level 8. HP: 37/61 MP: 10/10
  5167 | D:5      | Noticed a slime creature
  5201 | D:5      | Killed a slime creature
  5426 | D:6      | Reached skill level 6 in Polearms
  5452 | D:6      | Reached skill level 5 in Fighting
  5709 | D:6      | Found a staircase to the Ecumenical Temple.
  5779 | D:6      | Noticed Dowan
  5786 | D:6      | Noticed Duvessa
  5790 | D:6      | Noticed Edmund
  5798 | D:6      | Killed Dowan
  5826 | D:6      | Killed Duvessa
  6264 | D:6      | Gained mutation: You sometimes gain a little power by
                  | taking damage. [demonic ancestry]
  6264 | D:6      | Reached XP level 9. HP: 51/68 MP: 11/11
  6284 | D:6      | Reached skill level 5 in Armour
  6482 | D:6      | Killed Edmund
  6535 | D:6      | Found an opulent altar of Gozag.
  6640 | D:6      | Reached skill level 7 in Polearms
  6793 | D:7      | Found Raocamm's Assorted Antiques.
  6823 | D:7      | Bought a scroll of identify for 38 gold pieces
  6823 | D:7      | Bought a hardcover book for 285 gold pieces
  6896 | D:7      | Reached **** piety under Lugonu
  6896 | D:7      | Reached skill level 5 in Shields
  7020 | D:7      | Slain by an orc warrior

Skill      XL: |  1  2  3  4  5  6  7  8  9 |
---------------+----------------------------+-----
Armour         | 2 3 4 5 |  5.6
Polearms       | 2 3 5 6 7 |  7.4
Slings         | 1 |  1.9
Fighting       | 4 5 |  5.6
Dodging        | 1 |  1.4
Shields        | 2 3 4 5 |  5.3
Invocations    | 3 |  3.1
Stealth        | |  0.2
Evocations     | |  0.1

Action                   |  1- 3 |  4- 6 |  7- 9 || total
-------------------------+-------+-------+-------++-------
Melee: Spear             |   133 |   241 |   374 ||   748
       Headbutt          |    11 |    35 |    72 ||   118
 Fire: Hunting sling     |    20 |       |       ||    20
Invok: Depart the Abyss  |     1 |       |       ||     1
       Bend Space        |       |       |     1 ||     1
Evoke: Wand              |       |       |     1 ||     1
  Use: Scroll            |     9 |       |     9 ||    18
       Potion            |     2 |     2 |     7 ||    11
  Eat: Chunk             |     3 |     9 |     5 ||    17
       Ration            |       |       |     1 ||     1
Armor: Plate armour      |   106 |   145 |   155 ||   406
Dodge: Dodged            |    27 |    18 |    13 ||    58
Block: Large shield      |       |    78 |   202 ||   280
